 Dungeon Crawl Stone Soup version 0.25-a0-578-gc91f01c (webtiles) character file.

Game seed: 9588172554145190458, levelgen mode: deterministic

64 Faels the Chopper (level 3, -6/29 HPs)
             Began as a Demonspawn Fighter on Mar 7, 2020.
             Killed by divine providence
             ... invoked by an orc priest
              (16 damage)
             ... on level 3 of the Dungeon.
             The game lasted 00:03:11 (1110 turns).

Faels the Chopper (Demonspawn Fighter)              Turns: 1110, Time: 00:03:12

Health: -6/29      AC:  6    Str: 17    XL:     3   Next: 91%
Magic:  3/3        EV:  7    Int:  9    God:
Gold:   101        SH:  8    Dex: 12    Spells: 2/2 levels left

rFire    . . .     SeeInvis .   a - +0 war axe
rCold    . . .     Gourm    .   c - +0 kite shield
rNeg     . . .     Faith    .   b - +0 scale mail
rPois    .         Spirit   .   (no helmet)
rElec    .         Reflect  .   (no cloak)
rCorr    .         Harm     .   (no gloves)
MR       .....                  (no boots)
Stlth    ..........             (no amulet)
HPRegen  0.09/turn              (no ring)
MPRegen  0.08/turn              (no ring)

@: no status effects
A: claws 1
a: no special abilities


You were on level 3 of the Dungeon.
You were not hungry.

You visited 1 branch of the dungeon, and saw 3 of its levels.

You collected 101 gold pieces.

Inventory:

Hand Weapons
 a - a +0 war axe (weapon)
Armour
 b - a +0 scale mail (worn)
 c - a +0 kite shield (worn)
 h - a +0 cloak
Scrolls
 i - 2 scrolls of blinking {unknown}
 j - 2 scrolls of teleportation {unknown}
Potions
 k - a potion of resistance {unknown}
 l - a potion of haste {unknown}
Comestibles
 f - 7 rations
 g - 7 chunks of flesh


   Skills:
 - Level 3.0 Fighting
 * Level 3.6 Axes
 - Level 2.6 Armour
 - Level 1.0 Dodging
 - Level 2.6 Shields


You had 2 spell levels left.
You didn't know any spells.
Your spell library was empty.

Dungeon Overview and Level Annotations

Branches:
Dungeon (3/15)

Altars:


Innate Abilities, Weirdness & Mutations

You have sharp fingernails.


Message History

Beogh smites you!
Ouch! That really hurt!
* * * LOW HITPOINT WARNING * * *
It was a potion of curing.
You feel better. The orc priest barely misses you.
You feel better.
You barely miss the orc priest.
The orc priest is lightly wounded.
The orc priest hits you with a +0 club.
The rat twitches its whiskers.
The orc priest invokes the aid of Beogh against you.
Beogh smites you!
You closely miss the orc priest.
The orc priest is lightly wounded.
The orc priest barely misses you.
You slash the orc priest!
The orc priest is severely wounded.
The orc priest invokes the aid of Beogh against you.
Beogh smites you!
Ouch! That really hurt!
You die...

###.####..# ....
#<.# #..######
##.# #..# #.#
#..# #.# #..# #.#
. #..# #.# oo
#..# #.# #.#..###
### #@# #o.oo#..
..# #o# ####.#.#
#.# #r# #o#.# #.#
#.# #l#.# #.###.#
#.#.####.##..#.#
#.#..o.o.......#
#.)....#.##.####
.....#####.#.##.#


You could see an orc priest and a rat.

Vanquished Creatures
  Natasha (D:1)
  A leopard gecko (D:1)
  4 orcs (D:3)
  3 bats
  A giant cockroach (D:2)
  3 goblins (D:1)
  4 hobgoblins
  A quokka (D:2)
  3 ball pythons
  2 frilled lizards
  5 kobolds
  5 rats (D:1)
33 creatures vanquished.

Notes
Turn   | Place    | Note
-------+----------+-------------------------------------------
     0 | D:1      | Faels the Demonspawn Fighter began the quest for the Orb.
     0 | D:1      | Reached XP level 1. HP: 18/18 MP: 1/1
   232 | D:1      | Gained mutation: You have sharp fingernails. [demonic
                  | ancestry]
   232 | D:1      | Reached XP level 2. HP: 24/24 MP: 2/2
   480 | D:1      | Reached skill level 1 in Dodging
   700 | D:2      | Noticed Natasha
   711 | D:2      | Noticed a crimson imp
   720 | D:1      | Killed Natasha
   720 | D:1      | Reached XP level 3. HP: 11/29 MP: 3/3
  1105 | D:3      | HP: 1/29 [orc priest/divine providence (15)]
  1110 | D:3      | Killed from afar by an orc priest

Levels and vault maps discovered:
D:1:      dpeg_arrival_solitude, layout_loops_ring
D:2:      layout_basic, nrook_campfire, uniq_natasha
D:3:      layout_basic, led_sif_pool, minmay_misc_feat_encased

Skill      XL: |  1  2 |
---------------+-------+-----
Axes           | 2 3 |  3.6
Dodging        | 1 |  1.0
Fighting       | |  3.0
Armour         | |  2.6
Shields        | |  2.6

Action                   || total
-------------------------++-------
Melee: War axe           ||   100
  Use: Potion            ||     3
  Eat: Chunk             ||     1
Armor: Scale mail        ||    33
Dodge: Dodged            ||    39
Block: Kite shield       ||    46

Table legend:
 A = Non-vault XP
 B = Vault XP
 C = Vault XP percentage of total XP
 D = Non-vault monster count
 E = Vault monster count
 F = Vault count percentage of total count
                 A         B        C        D         E       F
            +---------+---------+-------+---------+---------+-------
      Total |      57 |      35 |  38.0 |      32 |       1 |   3.0
            +---------+---------+-------+---------+---------+-------
        D:1 |      29 |      35 |  54.7 |      19 |       1 |   5.0
        D:2 |      15 |       0 |   0.0 |       8 |       0 |   0.0
        D:3 |      13 |       0 |   0.0 |       5 |       0 |   0.0
            +---------+---------+-------+---------+---------+-------
